 Dungeon Crawl Stone Soup version 0.31-a0-175-g9f7f995f2b (webtiles) character file.

Game seed: 6252264076654918167

990 qw the Skirmisher (level 8, -4/73 HPs)
             Began as a Naga Hunter on June 16, 2023.
             Was an Initiate of Okawaru.
             Slain by Duvessa
             ... wielding a +0 short sword
              (9 damage)
             ... on level 5 of the Dungeon.
             The game lasted 00:01:24 (3574 turns).

qw the Skirmisher (Naga Hunter)                     Turns: 3574, Time: 00:01:24

Health: -4/73      AC:  5    Str: 13    XL:     8   Next: 18%
Magic:  8/8        EV: 10    Int: 10    God:    Okawaru [......]
Gold:   28         SH:  0    Dex: 17    Spells: 7/7 levels left

rFire   + + .        a - +7 arbalest "Coad" {penet, rF+ rC+}
rCold   + . .        (shield currently unavailable)
rNeg    . . .        c - +0 leather armour
rPois   +            (no helmet)
rElec   .            (no cloak)
rCorr   .            p - +0 pair of gloves
SInv    +            (no barding)
Will    ++...        (no amulet)
Stlth   ++           l - ring of protection from fire
HPRegen 0.32/turn    t - ring of willpower
MPRegen 0.11/turn

%: no passive effects
@: short of breath, very slow
A: AC +2, large, see invisible, deformed body, poison resistance, slowness 2,
spit poison 1, naga tail 1
a: Spit Poison, Renounce Religion


You were on level 5 of the Dungeon.
You worshipped Okawaru.
Okawaru was noncommittal.
You visited 2 branches of the dungeon, and saw 6 of its levels.

You collected 204 gold pieces.
You spent 176 gold pieces at shops.


Innate Abilities, Weirdness & Mutations

Your serpentine skin is tough. (AC +2)
You have supernaturally acute eyesight. (SInv)
Armour fits poorly on your strangely shaped body.
Your system is resistant to poisons. (rPois)
You cover ground very slowly.
You can spit poison.
You have a snake-like lower body.


   Skills:
 + Level 4.5 Fighting
 - Level 8.1 Ranged Weapons
 - Level 2.5 Dodging
 - Level 1.5 Stealth


You had 7 spell levels left.
You didn't know any spells.
Your spell library was empty.

Inventory:

Hand Weapons
 a - the +7 arbalest "Coad" (weapon) {penet, rF+ rC+}
   (You acquired it on level 1 of the Dungeon)

   rF:        It protects you from fire.
   rC:        It protects you from cold.
Armour
 c - a +0 leather armour (worn)
 p - a +0 pair of gloves (worn)
Jewellery
 l - a ring of protection from fire (left hand)
 q - a ring of fire
 t - a ring of willpower (right hand)
Scrolls
 g - a scroll of enchant weapon
 k - a scroll of identify
Potions
 b - a potion of resistance
 f - a potion of curing
 h - a potion of cancellation
 i - a potion of degeneration {unknown}
 j - a potion of heal wounds {unknown}
 m - a potion of might {unknown}
 n - a potion of attraction {unknown}
 s - a potion of mutation {unknown}

Dungeon Overview and Level Annotations

Branches:
Dungeon (5/15)             Temple (1/1) D:5

Altars:
Ashenzari
Cheibriados
Dithmenos
Elyvilon
Gozag
Hepliaklqana
Kikubaaqudgha
Okawaru
Qazlal
Ru
Sif Muna
Vehumet
Wu Jian
Yredelemnul
Zin
The Shining One

Shops:
D:3 (   D:4 (*?*   D:5 (

Annotations:
D:5 Duvessa


Message History

Your Ranged Weapons skill increases to level 8!
3566 ||| INVOKING Spit Poison.
Aiming: Spit Poison (1% risk of failure)
Press: ? - help, Shift-Dir - straight line, f - Duvessa You fail to use your ability.
3567 ||| INVOKING Spit Poison.
Aiming: Spit Poison (1% risk of failure)
Press: ? - help, Shift-Dir - straight line, f/p - Duvessa The splash of poison hits Duvessa.
Duvessa is poisoned.
Duvessa is lightly wounded.
You shoot a bolt. The bolt pierces through Duvessa!
Duvessa is moderately wounded.
Duvessa hits you with a +0 short sword. Duvessa hits you with a +0 short sword!
You shoot a bolt. The bolt pierces through Duvessa!
Duvessa is heavily wounded.
You have got your breath back.
Duvessa hits you with a +0 short sword. Duvessa hits you with a +0 short sword!
3570 ||| INVOKING Spit Poison.
Aiming: Spit Poison (1% risk of failure)
Press: ? - help, Shift-Dir - straight line, f/p - Duvessa The splash of poison hits Duvessa but does no damage.
Duvessa is heavily wounded.
Duvessa hits you but does no damage. Duvessa barely misses you.
You shoot a bolt. The bolt pierces through Duvessa!
Duvessa is severely wounded.
Duvessa hits you with a +0 short sword! Duvessa closely misses you.
You shoot a bolt. The bolt pierces through Duvessa!
Duvessa is almost dead.
You have got your breath back.
Duvessa looks more healthy.
Duvessa hits you with a +0 short sword! Duvessa hits you with a +0 short sword.
Duvessa hits you with a +0 short sword!
3573 ||| INVOKING Spit Poison.
Aiming: Spit Poison (1% risk of failure)
Press: ? - help, Shift-Dir - straight line, f/p - Duvessa The splash of poison misses Duvessa.
Duvessa misses you.
You shoot a bolt. The bolt pierces through Duvessa.
Duvessa is almost dead.
Duvessa hits you with a +0 short sword! x2
You die...

+....###...##.#######.
#....###......# ..
#....#...#.##.# #..
.....#...#.##.# ...
##.......#.##.#####.#
#...)...#.##...[...#
#.....###..........#
#..........##......#
#######....###..@..##
........##.# #..e..#
######.#####......?#
#####..# +.......+
.##.#..#.# #.......#
.##......# #|$.....#
...>###### #)...####
.##.............
.##########


You could see Duvessa (berserk).

Vanquished Creatures
  A wraith (D:5)
  An ice beast (D:5)
  2 black bears (D:5)
  An ogre (D:5)
  A centaur (D:5)
  A scorpion (D:4)
  Dowan (D:5)
  A hound (D:4)
  A jelly (D:5)
  An iguana (D:5)
  4 gnolls (D:4)
  6 adders
  A shadow imp (D:5)
  A white imp (D:5)
  4 worms
  A dart slug (D:4)
  12 orcs
  5 endoplasms
  6 giant cockroaches
  5 hobgoblins
  7 jackals
  5 kobolds
  A quokka (D:5)
  3 training dummies (D:5)
  6 ball pythons
  4 bats
  2 frilled lizards (D:1)
  7 goblins
  11 rats
102 creatures vanquished.

Notes
Turn   | Place    | Note
-------+----------+-------------------------------------------
     0 | D:1      | qw the Naga Hunter began the quest for the Orb.
     0 | D:1      | Reached XP level 1. HP: 19/19 MP: 1/1
     0 | D:1      | 0 ||| qw: Version: 0.2-a-29-g511e9b1
     0 | D:1      | 0 ||| qw: Game counter: 5798
     0 | D:1      | 0 ||| qw: Always use a shield: true
     0 | D:1      | 0 ||| qw: God list: Okawaru
     0 | D:1      | 0 ||| qw: Allow faded altars: false
     0 | D:1      | 0 ||| qw: Do Orc after D:15 true
     0 | D:1      | 0 ||| qw: Do second Lair branch before Depths: true
     0 | D:1      | 0 ||| qw: Lair rune preference: random
     0 | D:1      | 0 ||| qw: Plans: Normal
     0 | D:1      | 0 ||| PLANNING D:1-11
    27 | D:1      | 27 ||| INVOKING Spit Poison.
    52 | D:1      | 52 ||| INVOKING Spit Poison.
    56 | D:1      | 56 ||| INVOKING Spit Poison.
   113 | D:1      | 113 ||| INVOKING Spit Poison.
   135 | D:1      | 135 ||| INVOKING Spit Poison.
   136 | D:1      | 136 ||| INVOKING Spit Poison.
   139 | D:1      | 139 ||| INVOKING Spit Poison.
   155 | D:1      | Reached skill level 4 in Ranged Weapons
   155 | D:1      | Reached XP level 2. HP: 26/26 MP: 2/2
   163 | D:1      | 163 ||| INVOKING Spit Poison.
   176 | D:1      | 176 ||| INVOKING Spit Poison.
   304 | D:1      | 304 ||| INVOKING Spit Poison.
   311 | D:1      | 311 ||| INVOKING Spit Poison.
   316 | D:1      | 316 ||| INVOKING Spit Poison.
   378 | D:1      | 378 ||| INVOKING Spit Poison.
   382 | D:1      | 382 ||| INVOKING Spit Poison.
   407 | D:1      | 407 ||| INVOKING Spit Poison.
   410 | D:1      | 410 ||| INVOKING Spit Poison.
   465 | D:1      | Found a faded altar of an unknown god.
   600 | D:1      | 600 ||| INVOKING Spit Poison.
   626 | D:1      | 626 ||| READING scroll labelled JEARAU VENI.
   627 | D:1      | 627 ||| READING 2 scrolls labelled ACVIGOEWITH.
   628 | D:1      | 628 ||| READING scroll labelled BIMUOW ACWIYN.
   628 | D:1      | Identified a scroll of acquirement
   628 | D:1      | 628 ||| ACQUIRING +7 arbalest "Coad" {penet, rF+ rC+}
   628 | D:1      | Acquired the +7 arbalest "Coad" {penet, rF+ rC+}
   630 | D:1      | 630 ||| UPGRADING to +7 arbalest "Coad" {penet, rF+ rC+}.
   631 | D:1      | 631 ||| DROPPING +0 shortbow.
   632 | D:1      | 632 ||| READING scroll labelled YWAZEZ WEMAPNE.
   633 | D:1      | 633 ||| DROPPING scroll of butterflies.
   634 | D:1      | 634 ||| DROPPING scroll of revelation.
   655 | D:2      | 655 ||| INVOKING Spit Poison.
   666 | D:2      | Found a broken altar of Ashenzari.
   686 | D:2      | Reached XP level 3. HP: 32/32 MP: 3/3
   689 | D:2      | 689 ||| INVOKING Spit Poison.
   705 | D:2      | 705 ||| INVOKING Spit Poison.
   733 | D:2      | 733 ||| INVOKING Spit Poison.
   760 | D:2      | 760 ||| INVOKING Spit Poison.
   764 | D:2      | 764 ||| INVOKING Spit Poison.
   818 | D:2      | 818 ||| INVOKING Spit Poison.
   823 | D:2      | 823 ||| INVOKING Spit Poison.
   858 | D:2      | 858 ||| INVOKING Spit Poison.
   986 | D:2      | Reached skill level 5 in Ranged Weapons
  1035 | D:2      | 1035 ||| INVOKING Spit Poison.
  1036 | D:2      | Reached XP level 4. HP: 39/39 MP: 4/4
  1231 | D:2      | 1231 ||| INVOKING Spit Poison.
  1336 | D:2      | 1336 ||| UPGRADING to ring of protection from fire.
  1337 | D:2      | 1337 ||| READING scroll labelled FEIKAY XIKU.
  1338 | D:2      | 1338 ||| READING scroll labelled ETUXTIQOZO.
  1339 | D:2      | 1339 ||| READING scroll labelled TUENAT PEURAH.
  1358 | D:3      | 1358 ||| INVOKING Spit Poison.
  1365 | D:3      | 1365 ||| INVOKING Spit Poison.
  1415 | D:3      | 1415 ||| INVOKING Spit Poison.
  1446 | D:3      | 1446 ||| INVOKING Spit Poison.
  1449 | D:3      | 1449 ||| INVOKING Spit Poison.
  1472 | D:3      | 1472 ||| INVOKING Spit Poison.
  1475 | D:3      | 1475 ||| INVOKING Spit Poison.
  1572 | D:3      | 1572 ||| INVOKING Spit Poison.
  1648 | D:3      | 1648 ||| INVOKING Spit Poison.
  1663 | D:3      | 1663 ||| INVOKING Spit Poison.
  1665 | D:3      | Reached skill level 3 in Fighting
  1667 | D:3      | 1667 ||| INVOKING Spit Poison.
  1738 | D:3      | Found Noygity's Weapon Shoppe.
  1880 | D:3      | 1880 ||| INVOKING Spit Poison.
  1967 | D:3      | 1967 ||| UPGRADING to +0 pair of gloves.
  1972 | D:3      | 1972 ||| READING scroll labelled TOKHLI KADDYCRI.
  1973 | D:3      | 1973 ||| DRINKING 2 puce potions.
  2004 | D:3      | 2004 ||| READING 2 scrolls of identify.
  2004 | D:3      | 2004 ||| IDENTIFYING green potion
  2005 | D:3      | 2005 ||| DROPPING potion of enlightenment.
  2006 | D:3      | 2006 ||| DROPPING potion of lignification.
  2061 | D:4      | 2061 ||| INVOKING Spit Poison.
  2103 | D:4      | 2103 ||| INVOKING Spit Poison.
  2124 | D:4      | Reached XP level 5. HP: 49/49 MP: 5/5
  2124 | D:4      | 2124 ||| INVOKING Spit Poison.
  2142 | D:4      | 2142 ||| INVOKING Spit Poison.
  2145 | D:4      | 2145 ||| INVOKING Spit Poison.
  2162 | D:4      | 2162 ||| INVOKING Spit Poison.
  2177 | D:4      | 2177 ||| INVOKING Spit Poison.
  2206 | D:4      | Found Raazxeysh's Assorted Antiques.
  2209 | D:4      | 2209 ||| INVOKING Spit Poison.
  2212 | D:4      | 2212 ||| Stepping ~*~*~tactically~*~*~ (outnumbered).
  2213 | D:4      | 2213 ||| INVOKING Spit Poison.
  2217 | D:4      | 2217 ||| INVOKING Spit Poison.
  2234 | D:4      | 2234 ||| SHOPLISTING glowing ring mail (231 gold, have
                  | 182).
  2234 | D:4      | 2234 ||| BUYING gluggy clear potion (29 gold).
  2234 | D:4      | Bought a gluggy clear potion for 29 gold pieces
  2234 | D:4      | 2234 ||| BUYING scroll of identify (66 gold).
  2234 | D:4      | Bought a scroll of identify for 66 gold pieces
  2234 | D:4      | 2234 ||| BUYING viscous brown potion (29 gold).
  2234 | D:4      | Bought a viscous brown potion for 29 gold pieces
  2246 | D:4      | Found Moecw's Magic Scroll Shop.
  2251 | D:4      | 2251 ||| SHOPLISTING 3 scrolls of identify (78 gold, have
                  | 58).
  2251 | D:4      | 2251 ||| SHOPLISTING scroll of enchant weapon (97 gold,
                  | have 58).
  2251 | D:4      | 2251 ||| BUYING scroll of identify (26 gold).
  2251 | D:4      | Bought a scroll of identify for 26 gold pieces
  2251 | D:4      | 2251 ||| BUYING scroll of identify (26 gold).
  2251 | D:4      | Bought a scroll of identify for 26 gold pieces
  2251 | D:4      | 2251 ||| SHOPLISTING scroll of identify (26 gold, have 6).
  2251 | D:4      | 2251 ||| SHOPLISTING scroll of teleportation (39 gold, have
                  | 6).
  2266 | D:4      | 2266 ||| INVOKING Spit Poison.
  2295 | D:4      | Found Oqitt's Assorted Antiques.
  2301 | D:4      | 2301 ||| INVOKING Spit Poison.
  2311 | D:4      | 2311 ||| SHOPLISTING ancient silver amulet (135 gold, have
                  | 11).
  2311 | D:4      | 2311 ||| SHOPLISTING emerald potion (24 gold, have 11).
  2311 | D:4      | 2311 ||| SHOPLISTING scroll labelled TUUNIFEGAFI (27 gold,
                  | have 11).
  2311 | D:4      | 2311 ||| SHOPLISTING scroll labelled VUICOR CICODD (27
                  | gold, have 11).
  2311 | D:4      | 2311 ||| SHOPLISTING scroll of identify (54 gold, have 11).
  2312 | D:4      | 2312 ||| INVOKING Spit Poison.
  2315 | D:4      | 2315 ||| INVOKING Spit Poison.
  2320 | D:4      | 2320 ||| INVOKING Spit Poison.
  2321 | D:4      | 2321 ||| INVOKING Spit Poison.
  2322 | D:4      | Reached skill level 6 in Ranged Weapons
  2337 | D:4      | 2337 ||| INVOKING Spit Poison.
  2340 | D:4      | 2340 ||| INVOKING Spit Poison.
  2496 | D:4      | 2496 ||| INVOKING Spit Poison.
  2498 | D:4      | Reached XP level 6. HP: 56/56 MP: 6/6
  2543 | D:4      | Found Qiquab's Weapon Shop.
  2581 | D:4      | 2581 ||| INVOKING Spit Poison.
  2652 | D:4      | 2652 ||| UPGRADING to ring of willpower.
  2653 | D:4      | 2653 ||| READING scroll labelled TUUNIFEGAFI.
  2654 | D:4      | 2654 ||| READING scroll labelled TOSYHE CUHO.
  2655 | D:4      | 2655 ||| DRINKING 2 viscous brown potions.
  2656 | D:4      | 2656 ||| READING 5 scrolls of identify.
  2656 | D:4      | 2656 ||| IDENTIFYING glowing amethyst potion
  2657 | D:4      | 2657 ||| READING 4 scrolls of identify.
  2657 | D:4      | 2657 ||| IDENTIFYING gluggy clear potion
  2658 | D:4      | 2658 ||| READING 3 scrolls of identify.
  2658 | D:4      | 2658 ||| IDENTIFYING fuming pink potion
  2659 | D:4      | 2659 ||| READING 2 scrolls of identify.
  2659 | D:4      | 2659 ||| IDENTIFYING pink potion
  2660 | D:4      | 2660 ||| DROPPING potion of ambrosia.
  2661 | D:4      | 2661 ||| DROPPING potion of brilliance.
  2666 | D:5      | Entered Level 5 of the Dungeon
  2674 | D:5      | 2674 ||| INVOKING Spit Poison.
  2726 | D:5      | 2726 ||| INVOKING Spit Poison.
  2774 | D:5      | Noticed a black bear
  2775 | D:5      | 2775 ||| INVOKING Spit Poison.
  2778 | D:5      | 2778 ||| INVOKING Spit Poison.
  2779 | D:5      | Killed a black bear
  2780 | D:5      | Reached XP level 7. HP: 66/66 MP: 7/7
  2867 | D:5      | 2867 ||| INVOKING Spit Poison.
  2875 | D:5      | Reached skill level 7 in Ranged Weapons
  2877 | D:5      | 2877 ||| INVOKING Spit Poison.
  2937 | D:5      | 2937 ||| INVOKING Spit Poison.
  2966 | D:5      | 2966 ||| INVOKING Spit Poison.
  3006 | D:5      | Found Qopo's Firing Range.
  3019 | D:5      | 3019 ||| SHOPLISTING +0 longbow (78 gold, have 11).
  3024 | D:5      | Found a staircase to the Ecumenical Temple.
  3026 | D:5      | 3026 ||| PLANNING TEMPLE
  3026 | D:5      | 3026 ||| READING scroll labelled TEIPOV LAIRIR.
  3027 | D:5      | 3027 ||| READING scroll labelled XEG COERHYLAOD.
  3032 | D:5      | 3032 ||| READING scroll labelled LAAT IDDIKKO.
  3053 | D:5      | Noticed a wraith
  3061 | D:5      | Killed a wraith
  3062 | D:5      | Reached XP level 8. HP: 32/73 MP: 8/8
  3175 | Temple   | Entered the Ecumenical Temple
  3196 | Temple   | 3196 ||| PLANNING OKAWARU WORSHIP
  3318 | Temple   | Became a worshipper of Warmaster Okawaru
  3319 | Temple   | 3319 ||| PLANNING D:1-11
  3440 | D:5      | 3440 ||| INVOKING Spit Poison.
  3563 | D:5      | Noticed Dowan
  3564 | D:5      | Noticed Duvessa
  3565 | D:5      | Killed Dowan
  3566 | D:5      | Reached skill level 8 in Ranged Weapons
  3566 | D:5      | 3566 ||| INVOKING Spit Poison.
  3567 | D:5      | 3567 ||| INVOKING Spit Poison.
  3570 | D:5      | 3570 ||| INVOKING Spit Poison.
  3572 | D:5      | HP: 11/73 [Duvessa/+0 short sword (13)]
  3573 | D:5      | 3573 ||| INVOKING Spit Poison.
  3574 | D:5      | HP: 5/73 [Duvessa/+0 short sword (7)]
  3574 | D:5      | Slain by Duvessa

Levels and vault maps discovered:
D:1:      minmay_arrival_doors, layout_basic, chequers_ecumenical_altar_simple
D:2:      layout_basic, basic_altar
D:3:      layout_loops_ring, serial_shops, nicolae_shop_waterfront
D:4:      layout_gridville, serial_shops, shop, nicolae_shop_hallway_stairs,
          shop, nicolae_shop_rolling_square
D:5:      layout_basic, minmay_temple_entry_overgrown,
          nicolae_shop_firing_range, uniq_duvessa
Temple:   nicolae_temple_bog_church

Skill      XL: |  1  2  3  4  5  6  7  8 |
---------------+-------------------------+-----
Ranged Weapons | 4 5 6 7 8 |  8.1
Fighting       | 3 4 |  4.5
Dodging        | 2 |  2.5
Stealth        | |  1.5

Action                     |  1- 3 |  4- 6 |  7- 9 || total
---------------------------+-------+-------+-------++-------
   Fire: Shortbow          |    46 |       |       ||    46
         Arbalest          |    22 |    64 |    38 ||   124
Ability: Spit Poison       |    26 |    36 |     8 ||    70
    Use: Scroll            |     4 |    11 |     3 ||    18
         Potion            |       |     2 |       ||     2
 Armour: Leather armour    |     9 |     5 |     6 ||    20
  Dodge: Dodged            |    16 |    12 |     9 ||    37

Table legend:
 A = Non-vault XP
 B = Vault XP
 C = Vault XP percentage of total XP
 D = Non-vault monster count
 E = Vault monster count
 F = Vault count percentage of total count
                 A         B        C        D         E       F
            +---------+---------+-------+---------+---------+-------
      Total |    1340 |      75 |   5.3 |      98 |       4 |   3.9
            +---------+---------+-------+---------+---------+-------
        D:1 |      30 |       0 |   0.0 |      21 |       0 |   0.0
        D:2 |      56 |       0 |   0.0 |      19 |       0 |   0.0
        D:3 |      69 |       0 |   0.0 |      16 |       0 |   0.0
        D:4 |     252 |       0 |   0.0 |      25 |       0 |   0.0
        D:5 |     933 |      75 |   7.4 |      17 |       4 |  19.0
            +---------+---------+-------+---------+---------+-------
